 Dungeon Crawl Stone Soup version 0.30-a0-137-gd8773701ce (webtiles) character file.

Game seed: 15135893610198701099

45 zishaf the Gusty (level 3, 0/20 HPs)
             Began as a Tengu Air Elementalist on Sept 23, 2022.
             Slain by a goblin
             ... wielding a +0 club
             ... led by Robin
              (1 damage)
             ... on level 1 of the Dungeon.
             The game lasted 00:03:51 (1778 turns).

zishaf the Gusty (Tengu Air Elementalist)           Turns: 1778, Time: 00:03:52

Health: 0/20       AC:  2    Str: 14    XL:     3   Next: 64%
Magic:  4/7        EV: 12    Int: 17    God:
Gold:   72         SH:  0    Dex: 14    Spells: 0/6 levels left

rFire   . . .      SeeInvis .    k - +1 dagger (vamp)
rCold   . . .      Faith    .    (no shield)
rNeg    . . .      Spirit   .    a - +0 robe
rPois   .          Reflect  .    (helmet restricted)
rElec   .          Harm     .    (no cloak)
rCorr   .          Rampage  .    (no gloves)
Will    .....                    (boots unavailable)
Stlth   ++........               (no amulet)
HPRegen 0.06/turn                f - +6 ring of strength
MPRegen 0.10/turn                (no ring)

@: very slightly contaminated
A: beak, talons 3
a: no special abilities


You were on level 1 of the Dungeon.
You visited 1 branch of the dungeon, and saw 2 of its levels.

You collected 72 gold pieces.

Inventory:

Hand Weapons
 k - a +1 vampiric dagger (weapon)
Missiles
 c - 5 curare-tipped darts
Armour
 a - a +0 robe (worn)
Jewellery
 f - a +6 ring of strength (left hand)
Scrolls
 d - a scroll of magic mapping {unknown}
 g - a scroll of enchant armour {unknown}
Potions
 b - a potion of magic
 e - a potion of attraction {unknown}
 h - a potion of heal wounds {unknown}
 i - a potion of curing {unknown}


   Skills:
 + Level 1.3 Fighting
 - Level 2.1 Dodging
 - Level 2.0 Stealth
 + Level 2.4 Spellcasting
 + Level 2.4 Conjurations
 + Level 4.6 Air Magic


You couldn't memorise any spells.
You knew the following spells:

 Your Spells              Type           Power      Damage    Failure   Level
a - Shock                 Conj/Air       56%        1d6       4%          1
A - Static Discharge      Conj/Air       28%        2-4/arc   6%          2
B - Swiftness             Air            17%        N/A       9%          3

Your spell library contained the following spells:

 Spells                   Type           Power      Damage    Failure   Level
 Airstrike                Air            8%         2d(2-18)  28%         4


Dungeon Overview and Level Annotations

Branches:
Dungeon (2/15)

Altars:

Annotations:
D:2 Robin


Innate Abilities, Weirdness & Mutations

You have a beak for a mouth.
You have claws for feet.


Message History

The sling bullet hits you but does no damage.
Robin throws the goblin at you!
You hear a shout!
You climb upwards.
There is a stone staircase leading down here.
You start resting.
HP restored.
You climb downwards.
Level annotation: Robin Robin throws the goblin at you!
A goblin comes into view. It is wielding a +0 dagger.
The goblin closely misses you.
The goblin unwields a +1 sling of freezing.
The goblin wields a +0 dagger.
The goblin hits you with a +0 dagger.
There is a stone staircase leading up here.
The goblin hits you with a +0 club. The goblin closely misses you. x2
You climb upwards.
There is a stone staircase leading down here.
Unknown command.
Casting: Static Discharge (safe; 7% risk of failure)
Confirm with . or Enter, or press ? or * to list all spells.
The goblin is struck by an arc of lightning.
You kill the goblin!
You are struck by an arc of lightning.
The lightning grounds out.
The goblin hits you but does no damage. The goblin hits you with a +0 club.
* * * LOW HITPOINT WARNING * * *
The goblin barely misses you.
Things that are here:
a +0 dagger; a +1 sling of freezing The goblin attacks as you move away!
The goblin hits you with a +0 club.
* * * LOW HITPOINT WARNING * * *
Casting: Static Discharge (safe; 6% risk of failure)
Confirm with . or Enter, or press ? or * to list all spells.
Aiming: Shock (safe; 4% risk of failure)
Press: ? - help, Shift-Dir - straight line, f - goblin
Aim: a goblin, wielding a +0 club (64% to hit)
You miscast Shock.
You are very lightly contaminated with residual magic.
Nothing appears to happen.
The goblin hits you with a +0 club.
You die...

# #.# #.#.# #.... # #.# #.#.#
#.... ###### #.# #.#.# ##...
.....# #.######.#.# ###. ####.#
#........#.#### #.
###.###.....####.##.## #.
#.....##....####.#...##########.
#.###.......>.##................
#.# #........gg@.....########...
#.###.........#####..# #.##
#.†...##...#### #..# #.##
#######.....# #..# #...
##.....#######..### #...
#..............)#.## #...
####......#######.#.#.## #...
#......#(.#........###.## #...
#.#.........#....#..###.###...


You could see 2 goblins.

Vanquished Creatures
  An adder (D:2)
  A dart slug (D:2)
  3 endoplasms (D:1)
  4 giant cockroaches
  3 goblins (D:1)
  2 hobgoblins
  3 jackals (D:1)
  5 kobolds
  2 ball pythons (D:1)
  A bat (D:2)
  A frilled lizard (D:1)
  4 rats (D:1)
30 creatures vanquished.

Notes
Turn   | Place    | Note
-------+----------+-------------------------------------------
     0 | D:1      | zishaf the Tengu Air Elementalist began the quest for the
                  | Orb.
     0 | D:1      | Reached XP level 1. HP: 10/10 MP: 4/4
   354 | D:1      | Reached XP level 2. HP: 16/16 MP: 4/6
   357 | D:1      | Learned a level 2 spell: Static Discharge
   817 | D:1      | Reached skill level 1 in Fighting
   968 | D:1      | Reached XP level 3. HP: 20/20 MP: 1/7
  1029 | D:1      | Learned a level 3 spell: Swiftness
  1622 | D:2      | Noticed Robin
  1777 | D:1      | HP: 1/20 [goblin/+0 club[Robin] (3)]
  1778 | D:1      | Slain by a goblin

Illustrated notes

Levels and vault maps discovered:
D:1:      dpeg_arrival_solitude, layout_loops_ring, minmay_misc_feat_iff,
          chequers_serial_rivers_micro_e
D:2:      layout_loops_ring, serial_shops, nicolae_shop_stone,
          nicolae_ecumenical_snake_handling, uniq_crazy_yiuf_cottage, uniq_robin

Skill      XL: |  1  2 |
---------------+-------+-----
Conjurations   | 2 |  2.4
Fighting       | 1 |  1.3
Dodging        | |  2.1
Stealth        | |  2.0
Spellcasting   | |  2.4
Air Magic      | |  4.6

Action                   || total
-------------------------++-------
Melee: Unarmed           ||    10
       Kick              ||     2
       Peck              ||     1
       Short sword       ||     2
 Cast: Shock             ||    61
       Static Discharge  ||     4
Armor: Robe              ||     7
Dodge: Dodged            ||    18

Table legend: (Time is in decaauts)
 A = Elapsed time spent in this place.
 B = Non-inter-level travel time spent in this place.
 C = Inter-level travel time spent in this place.
 D = Time resting spent in this place.
 E = Time spent auto-exploring this place.
 F = Levels seen in this place.
 G = Mean time per level.
                   A        B        C        D        E       F      G
               +--------+--------+--------+--------+--------+-----+--------+
         Total |   1779 |   1755 |     24 |    394 |   1169 |   2 |  889.5 |
       Dungeon |   1779 |   1755 |     24 |    394 |   1169 |   2 |  889.5 |
               +--------+--------+--------+--------+--------+-----+--------+

Top non-repeatable levels by time:
     D:1: 1622 daAuts
     D:2: 157 daAuts
